 Dungeon Sprint DCSS version 0.30.1-4-g462c640d31 (webtiles) character file.

Game seed: 9644098313554774802

15040 Heoruswealwe the Sorcerer (level 11, -5/54 HPs)
             Began as a Deep Elf Earth Elementalist on Aug 30, 2023.
             Was the Champion of Vehumet.
             Slain by a demonic crawler (16 damage)
             ... in the Dungeon (Sprint I: "Red Sonja").
             The game lasted 00:29:10 (2458 turns).

Heoruswealwe the Sorcerer (DEEE)                    Turns: 2458, Time: 00:29:11

Health: -5/54      AC:  2    Str:  4 (5)  XL:     11   Next: 96%
Magic:  26/41      EV: 12    Int: 25      God:    Vehumet [******]
Gold:   158        SH:  0    Dex: 13 (15) Spells: 49/59 levels left

rFire   . . .        a - +0 dagger
rCold   . . .        (no shield)
rNeg    . . .        c - +0 robe
rPois   .            (no helmet)
rElec   .            (no cloak)
rCorr   .            (no gloves)
SInv    .            (no boots)
Will    +....        (no amulet)
Stlth   ++           (no ring)
HPRegen 0.29/turn    (no ring)
MPRegen 0.27/turn

%: no teleportation
@: brilliant
A: deterioration 1
a: Renounce Religion


You were in the Dungeon.
You worshipped Vehumet.
Vehumet was exalted by your worship.
You visited 1 branch You collected 1229 gold pieces.
You spent 1071 gold pieces at shops.

Inventory:

Hand Weapons
 a - a +0 dagger (weapon)
Armour
 c - a +0 robe (worn)
Jewellery
 o - an amulet of reflection
 q - a +6 ring of intelligence
 r - an amulet of the acrobat
Wands
 e - a wand of iceblast (9)
Scrolls
 b - 3 scrolls of poison
 d - a scroll of identify
 m - a scroll of fog
Potions
 h - a potion of haste
 i - a potion of ambrosia
 j - a potion of flight
 k - 2 potions of brilliance
 n - a potion of lignification


   Skills:
 - Level 2.4 Dodging
 - Level 2.4 Stealth
 + Level 24.6 Spellcasting
 - Level 1.1 Transmutations
 + Level 21.2 Earth Magic


You had 49 spell levels left.
You knew the following spells:

 Your Spells              Type           Power      Damage    Failure   Level
a - Sandblast             Erth           100%       2d20      0%          1
b - Stone Arrow           Conj/Erth      100%       3d13      1%          3
c - Petrify               Tmut/Erth      92%        N/A       1%          4
z - Passwall              Tmut/Erth      76%        N/A       0%          2

Your spell library contained the following spells:

 Spells                   Type           Power      Damage    Failure   Level
 Starburst                Conj/Fire      23%        6d8       38%         6


Dungeon Overview and Level Annotations

Branches:
Dungeon (1/1)

Altars:
Cheibriados
Dithmenos
Elyvilon
Fedhas
Gozag
Hepliaklqana
Kikubaaqudgha
Makhleb
Nemelex Xobeh
Okawaru
Qazlal
Ru
Sif Muna
Trog
Uskayaw
Vehumet
Wu Jian
Xom
Yredelemnul
Zin
The Shining One
Jiyva
Lugonu

Shops:
D =?[::![*[?==*??!:**[?


Innate Abilities, Weirdness & Mutations

Your body sometimes deteriorates upon taking damage.


Message History

Press: ? - help, Shift-Dir - straight line, f/p - demonic crawler
Aim: a demonic crawler (petrified, 100% to hit)
You feel a surge of power!
The stone arrow hits the demonic crawler!!
The demonic crawler is lightly wounded.
Casting: Stone Arrow (safe; 1% risk of failure)
Confirm with . or Enter, or press ? or * to list all spells.
Aiming: Stone Arrow (safe; 1% risk of failure)
Press: ? - help, Shift-Dir - straight line, f/p - demonic crawler
Aim: a demonic crawler (lightly wounded, petrified, 100% to hit)
You feel a surge of power!
The stone arrow hits the demonic crawler!
The demonic crawler is lightly wounded.
Casting: Stone Arrow (safe; 1% risk of failure)
Confirm with . or Enter, or press ? or * to list all spells.
Aiming: Stone Arrow (safe; 1% risk of failure)
Press: ? - help, Shift-Dir - straight line, f/p - demonic crawler
Aim: a demonic crawler (lightly wounded, petrified, 100% to hit)
You feel a surge of power!
The stone arrow hits the demonic crawler!!
The demonic crawler is moderately wounded.
Casting: Stone Arrow (safe; 1% risk of failure)
Confirm with . or Enter, or press ? or * to list all spells.
Aiming: Stone Arrow (safe; 1% risk of failure)
Press: ? - help, Shift-Dir - straight line, f/p - demonic crawler
Aim: a demonic crawler (lightly wounded, petrified, 100% to hit)
You feel a surge of power!
The stone arrow hits the demonic crawler!
The demonic crawler is lightly wounded.
The demonic crawler is no longer petrified.
Blink to where?
Press: ? - help, Dir - move target, p - demonic crawler
As you read the scroll of blinking, it crumbles to dust.
The demonic crawler attacks as you move away!
The demonic crawler closely misses you. x2
The demonic crawler completely misses you.
The demonic crawler hits you!
* * * LOW HITPOINT WARNING * * *
The demonic crawler hits you!
You die...

#..#####'#####'#__####..s's.#,
#..####..#...#.####..#####..+,
#..#__####.)##.#§~§..#..#*+##*
#..#_____##'#_.+§§~§§+..#,,,,,
#⌠⌠#_.∩...'..._#~§§§§#..#,,,,,
####_..__##_.#'##+#####'###,,,
#..#_____###'#.#.)).###.+.#,,,
############s####'###.###.#,,*
#∩..§....s's.@'.....')∩##.#,,*
###''''####...###########.#*+*
#.......####.###.......##.#*,*
#........#.#'#.#........+§#***
#..#.....#.....#''.######§#,,+
#........#...).#......÷÷#.#***
#.....#..#######.......#+§#,,,
#........##?)??†......~####,,,
#..#.....##(.........~~#*,,,,,


You could see 3 demonic crawlers.

Vanquished Creatures
  2 centaur warriors (D)
  Sonja (D)
  A deep troll (D)
  8 shining eyes (D)
  An oklob plant (D)
  2 unseen horrors (D)
  2 kobold demonologists (D)
  A slime creature (D)
  A hornet (D)
  Sigmund (D)
  A yak (D)
  2 redbacks (D)
  6 floating eyes (D)
  An ogre (D)
  7 necrophages (D)
  8 jellies (D)
  Ijyb (D)
  2 ballistomycete spores (D)
48 creatures vanquished.

Notes
Turn   | Place    | Note
-------+----------+-------------------------------------------
     0 | D        | Heoruswealwe the Deep Elf Earth Elementalist began the
                  | quest for the Orb.
     0 | D        | Reached XP level 1. HP: 10/10 MP: 6/6
     1 | D        | Noticed Ijyb
    18 | D        | Killed Ijyb
    19 | D        | Reached skill level 6 in Spellcasting
    19 | D        | Reached skill level 5 in Earth Magic
    19 | D        | Reached XP level 2. HP: 3/15 MP: 7/11
    26 | D        | Learned a level 2 spell: Passwall
    93 | D        | Noticed an ogre
    95 | D        | Killed an ogre
    96 | D        | Reached skill level 9 in Spellcasting
    96 | D        | Reached XP level 3. HP: 19/19 MP: 11/15
    96 | D        | Reached XP level 4. HP: 24/24 MP: 12/17
   100 | D        | Learned a level 3 spell: Stone Arrow
   105 | D        | Learned a level 4 spell: Petrify
   129 | D        | Noticed Sigmund
   132 | D        | Killed Sigmund
   133 | D        | Reached skill level 11 in Spellcasting
   133 | D        | Reached skill level 10 in Earth Magic
   133 | D        | Reached XP level 5. HP: 28/28 MP: 18/21
   133 | D        | Reached XP level 6. HP: 32/32 MP: 18/22
   147 | D        | Found an ornate altar of the Wu Jian Council.
   147 | D        | Found a shimmering blue altar of Sif Muna.
   151 | D        | Reached skill level 12 in Spellcasting
   151 | D        | Found a radiant altar of Vehumet.
   167 | D        | Became a worshipper of Vehumet
   182 | D        | Found Taipn's Book Emporium.
   182 | D        | Found an ancient bone altar of Kikubaaqudgha.
   182 | D        | Found a hazy altar of Hepliaklqana.
   182 | D        | Found a stormy altar of Qazlal.
   182 | D        | Found a hide-covered altar of Uskayaw.
   182 | D        | Found a blossoming altar of Fedhas.
   182 | D        | Found a bloodstained altar of Trog.
   182 | D        | Found an iron altar of Okawaru.
   182 | D        | Found a basalt altar of Yredelemnul.
   182 | D        | Found a glowing golden altar of the Shining One.
   182 | D        | Found a snail-covered altar of Cheibriados.
   182 | D        | Found a sacrificial altar of Ru.
   182 | D        | Found a glowing silver altar of Zin.
   182 | D        | Found a shadowy altar of Dithmenos.
   182 | D        | Found a white marble altar of Elyvilon.
   182 | D        | Noticed a yak
   191 | D        | Killed a yak
   192 | D        | Reached skill level 13 in Spellcasting
   195 | D        | Found an opulent altar of Gozag.
   196 | D        | Found a sparkling altar of Nemelex Xobeh.
   294 | D        | Noticed Sonja
   299 | D        | Killed Sonja
   300 | D        | Reached skill level 16 in Spellcasting
   300 | D        | Reached XP level 7. HP: 15/36 MP: 12/28
   321 | D        | Found Rischeuxa's Jewellery Boutique.
   444 | D        | Noticed a deep troll
   455 | D        | Killed a deep troll
   455 | D        | Reached * piety under Vehumet
   455 | D        | Offered knowledge of Shock by Vehumet.
   456 | D        | Reached skill level 17 in Spellcasting
   456 | D        | Reached skill level 15 in Earth Magic
   456 | D        | Reached XP level 8. HP: 41/41 MP: 8/31
   572 | D        | Found Yskyos's Armour Emporium.
   610 | D        | Found a burning altar of Makhleb.
   610 | D        | Found a viscous altar of Jiyva.
   610 | D        | Found a shimmering altar of Xom.
   610 | D        | Found a corrupted altar of Lugonu.
   610 | D        | Noticed a slime creature
   621 | D        | Killed a slime creature
   705 | D        | Noticed a kobold demonologist
   706 | D        | Noticed a kobold demonologist
   707 | D        | Reached skill level 18 in Spellcasting
   711 | D        | Killed a kobold demonologist
   711 | D        | Reached ** piety under Vehumet
   711 | D        | Offered knowledge of Poisonous Vapours by Vehumet.
   712 | D        | Reached XP level 9. HP: 41/45 MP: 18/33
   713 | D        | Killed a kobold demonologist
   714 | D        | Reached skill level 19 in Spellcasting
   816 | D        | Noticed a shining eye
   816 | D        | Noticed a shining eye
   816 | D        | Noticed a shining eye
   830 | D        | Killed a shining eye
   834 | D        | Killed a shining eye
   835 | D        | Reached skill level 20 in Spellcasting
   921 | D        | Offered knowledge of Momentum Strike by Vehumet.
   921 | D        | Reached *** piety under Vehumet
   936 | D        | Killed a shining eye
   960 | D        | Noticed a shining eye
   960 | D        | Noticed a shining eye
   960 | D        | Noticed a shining eye
   966 | D        | Killed a shining eye
   966 | D        | Reached **** piety under Vehumet
   967 | D        | Reached skill level 21 in Spellcasting
   967 | D        | Reached XP level 10. HP: 50/50 MP: 27/37
  1012 | D        | Killed a shining eye
  1014 | D        | Killed a shining eye
  1074 | D        | Noticed a shining eye
  1074 | D        | Noticed a shining eye
  1074 | D        | Gained mutation: Your body sometimes deteriorates upon
                  | taking damage. [a shining eye]
  1107 | D        | Killed a shining eye
  1107 | D        | Offered knowledge of Hailstorm by Vehumet.
  1108 | D        | Reached skill level 22 in Spellcasting
  1117 | D        | Killed a shining eye
  1117 | D        | Reached ***** piety under Vehumet
  1190 | D        | Found Hemere's Book Shop.
  1190 | D        | Found Offo Buoj's Magic Scroll Shoppe.
  1190 | D        | Found Oppe Jaho's Distillery.
  1190 | D        | Found Ixtomm's Antique Armour Emporium.
  1208 | D        | Bought a potion of experience for 500 gold pieces
  1213 | D        | Reached XP level 11. HP: 54/54 MP: 39/39
  1236 | D        | Noticed a centaur warrior
  1237 | D        | Noticed a centaur warrior
  1246 | D        | Killed a centaur warrior
  1247 | D        | Reached skill level 23 in Spellcasting
  1259 | D        | Killed a centaur warrior
  1371 | D        | Offered knowledge of Flame Wave by Vehumet.
  1430 | D        | Noticed an oklob plant
  1440 | D        | Killed an oklob plant
  1535 | D        | Offered knowledge of Airstrike by Vehumet.
  1722 | D        | Reached skill level 24 in Spellcasting
  1786 | D        | Offered knowledge of Iron Shot by Vehumet.
  1961 | D        | Reached ****** piety under Vehumet
  1965 | D        | Offered knowledge of Starburst by Vehumet.
  2085 | D        | Identified the +0 glaive of the Spider {venom, rF+ rN+}
  2095 | D        | Found Kayt's General Store.
  2095 | D        | Found Vexit's Armour Shop.
  2095 | D        | Found Butaej's Armour Boutique.
  2101 | D        | Found Bekai's Assorted Antiques.
  2101 | D        | Found Moklixki's Magic Scroll Emporium.
  2101 | D        | Found Uhere's Assorted Antiques.
  2103 | D        | Found Qashol's Book Boutique.
  2103 | D        | Found Buacvana's Distillery.
  2103 | D        | Found Okhihav's Magic Scroll Shop.
  2103 | D        | Found Xocuhued's Magic Scroll Emporium.
  2103 | D        | Found Daqodaecw's General Store.
  2103 | D        | Found Asir's Jewellery Shoppe.
  2103 | D        | Found Zuny's Jewellery Shop.
  2106 | D        | Bought a scroll labelled WAMAGA GENWOE for 21 gold pieces
  2106 | D        | Bought a scroll labelled QERARE WODU for 21 gold pieces
  2106 | D        | Bought a scroll labelled MOCKUNOSETS for 21 gold pieces
  2107 | D        | Bought a twisted ruby ring for 115 gold pieces
  2107 | D        | Bought a dented bronze amulet for 115 gold pieces
  2107 | D        | Bought a scroll labelled MOCKUNOSETS for 23 gold pieces
  2107 | D        | Bought a scroll labelled VYNYOR JEL QOS for 23 gold pieces
  2107 | D        | Bought a scroll labelled SINILI YN HUD for 23 gold pieces
  2107 | D        | Bought a scroll labelled WEIMPEABBO for 23 gold pieces
  2107 | D        | Found Aruuqu's Magic Scroll Emporium.
  2128 | D        | Bought a scroll of identify for 22 gold pieces
  2128 | D        | Bought a scroll of identify for 22 gold pieces
  2128 | D        | Bought a scroll of identify for 22 gold pieces
  2214 | D        | Bought a scroll of identify for 24 gold pieces
  2214 | D        | Bought a scroll of identify for 24 gold pieces
  2214 | D        | Bought a scroll of identify for 24 gold pieces
  2214 | D        | Bought a scroll of identify for 24 gold pieces
  2214 | D        | Bought a scroll of identify for 24 gold pieces
  2458 | D        | Slain by a demonic crawler

Illustrated notes

Levels and vault maps discovered:
D:        dungeon_sprint_1 [red_sonja_temple_1, red_sonja_temple_small_1]

Skill      XL: |  1  2  3  4  5  6  7  8  9 10 11 |
---------------+----------------------------------+-----
Spellcasting   | 6 9 11 16 17 18 21 22 24 | 24.6
Earth Magic    | 5 7 10 13 15 18 19 21 | 21.2
Dodging        | |  2.4
Stealth        | |  2.4
Transmutations | |  1.1

Action                     |  1- 3 |  4- 6 |  7- 9 | 10-12 || total
---------------------------+-------+-------+-------+-------++-------
  Melee: Unarmed           |    14 |       |       |       ||    14
         Punch             |     1 |       |       |       ||     1
         Dagger            |       |       |       |     1 ||     1
   Cast: Passwall          |     2 |       |       |       ||     2
         Stone Arrow       |       |     8 |    36 |   103 ||   147
         Sandblast         |       |     2 |     2 |       ||     4
         Petrify           |       |     2 |     2 |    13 ||    17
  Evoke: Wand              |     2 |     3 |       |     6 ||    11
    Use: Potion            |     2 |       |       |    10 ||    12
         Scroll            |       |       |       |    13 ||    13
 Armour: Robe              |     1 |       |       |     3 ||     4
  Dodge: Dodged            |     3 |     2 |       |    12 ||    17
